 Dungeon Crawl Stone Soup version 0.17-a0-1678-g710b578 (webtiles) character file.

1350 Magnus the Ducker (level 8, -4/63 HPs)
             Began as a Vampire Gladiator on Aug 19, 2015.
             Killed by divine providence
             ... invoked by an orc priest
              (11 damage)
             ... on level 6 of the Dungeon.
             The game lasted 00:26:40 (5068 turns).

Magnus the Ducker (Vampire Gladiator)               Turns: 5068, Time: 00:26:40

Health: -4/63      AC:  7    Str: 16    XL:     8   Next: 36%
Magic:  8/8        EV: 14    Int: 11    God:
Gold:   308        SH:  0    Dex: 14    Spells: 0 memorised, 7 levels left

rFire  + . .     SeeInvis +     a - +0 long sword
rCold  . . .     Clarity  .     q - +0 ring mail
rNeg   . . .     SustAt   .     (no shield)
rPois  .         Gourm    .     c - +0 helmet
rElec  .         Spirit   .     t - +0 cloak
rCorr  .         Warding  .     (no gloves)
rMut   .         Stasis   .     (no boots)
MR     .....                    (no amulet)
Stlth  ++........               n - ring of stealth
                                k - ring of protection from fire

@: very slightly contaminated, regenerating quickly, not resistant to hostile
enchantments, unstealthy
A: fangs 3, see invisible, unbreathing
a: no special abilities


You were on level 6 of the Dungeon.
You were very full.

You visited 1 branch of the dungeon, and saw 6 of its levels.

You collected 308 gold pieces.

Inventory:

Hand weapons
 a - a +0 long sword (weapon)
Missiles
 s - a throwing net (quivered)
Armour
 c - a +0 helmet (worn)
 j - a +0 plate armour
 q - a +0 ring mail (worn)
 t - a +0 cloak (worn)
Jewellery
 k - a ring of protection from fire (left hand)
 n - a ring of stealth (right hand)
 w - an uncursed ring of ice {unknown}
Magical devices
 b - a wand of digging (11)
 l - a wand of slowing (27)
 m - a wand of slowing (38)
 D - a wand of lightning (8)
 H - a wand of slowing (6)
Scrolls
 f - 4 scrolls of remove curse
 u - 4 scrolls of recharging {unknown}
 v - 3 scrolls of identify {unknown}
 x - a scroll of enchant armour {unknown}
 A - a scroll of vulnerability {unknown}
 C - a scroll of fog {unknown}
 E - a scroll of silence {unknown}
 G - a scroll of random uselessness {unknown}
 I - a scroll of teleportation
 K - a scroll of amnesia
 L - a scroll of brand weapon {unknown}
Potions
 d - a potion of heal wounds
 e - 3 potions of blood
 g - a potion of might {unknown}
 h - 4 potions of curing {unknown}
 i - a potion of resistance {unknown}
 o - a potion of agility {unknown}
 p - a potion of magic {unknown}
 r - 3 potions of mutation {unknown}
 z - a potion of cancellation {unknown}
 B - a potion of brilliance {unknown}
 J - a potion of degeneration {unknown}
Books
 F - a book of Flames

   Spells                             Type                      Level
   a - Flame Tongue                   Conjuration/Fire             1
   b - Throw Flame                    Conjuration/Fire             2
   c - Conjure Flame                  Conjuration/Fire             3
   d - Inner Flame                    Hexes/Fire                   3
   e - Sticky Flame                   Conjuration/Fire             4
   f - Fireball                       Conjuration/Fire             5


   Skills:
 + Level 5.5 Fighting
 + Level 6.6 Long Blades
 - Level 1.5 Throwing
 + Level 7.4 Dodging


You had 7 spell levels left.
You didn't know any spells.

Dungeon Overview and Level Annotations

Branches:
Dungeon (6/15)             Temple (0/1) D:4

Altars:
Kikubaaqudgha
Nemelex Xobeh
Ru
Trog
Zin
The Shining One

Annotations:
D:6 Prince Ribbit


Innate Abilities, Weirdness & Mutations

Your natural rate of healing is unusually fast.
You have razor-sharp teeth.
You have supernaturally acute eyesight.
You can survive without breathing.


Message History

Pain shoots through your body!
The orc priest hits you with a short sword.
* * * LOW HITPOINT WARNING * * *
Items here: $ ) [ † a hand axe; 15 gold pieces; a leather armour; an orc corpse You slash the orc priest!
The orc priest is almost dead.
The orc priest closely misses you.
You hit the orc priest.
You kill the orc priest!
The orc priest barely misses you.
You hit the orc priest but do no damage.
The orc priest invokes the aid of Beogh against you.
Pain shoots through your body!
* * * LOW HITPOINT WARNING * * *
You hit the orc priest.
The orc priest is lightly wounded.
The orc priest calls down the wrath of Beogh upon you.
Something smites you!
You die...

#..# #.#.# ##.## #.#)#
#..# #.#.# #..##
#.#.####### #...#
#.#........ #.#.##
#.######### #)#..# #.#
#.##.# #.#
################@##.###.#
oo...).........o)##..##.#
####################.##.#
#.##.# #..#.# ##.#.#
#.#.# #...# ##..#


You could see an orc priest.

Vanquished Creatures
  Sigmund (D:3)
  A sky beast (D:5)
  A phantom (D:5)
  2 centaurs (D:5)
  An ogre (D:4)
  A crimson imp (D:3)
  2 hounds
  4 orc priests
  Crazy Yiuf (D:3)
  Ijyb (D:3)
  5 orc wizards
  4 worker ants (D:5)
  Terence (D:2)
  2 giant frog skeletons (D:4)
  9 adders
  An adder zombie (D:5)
  An adder skeleton (D:4)
  7 worms
  4 giant geckos
  13 orcs
  3 giant cockroaches
  3 hobgoblins
  6 kobolds
  A quokka (D:2)
  3 ball pythons (D:3)
  3 bats (D:2)
  5 giant newts
  10 goblins
  4 jackals (D:2)
  A jackal skeleton (D:4)
  9 rats
110 creatures vanquished.

Notes
Turn   | Place    | Note
--------------------------------------------------------------
     0 | D:1      | Magnus the Vampire Gladiator began the quest for the Orb.
     0 | D:1      | Reached XP level 1. HP: 16/16 MP: 1/1
   523 | D:1      | Reached XP level 2. HP: 22/22 MP: 2/2
   941 | D:2      | Found a sacrificial altar of Ru.
   953 | D:2      | Found an ancient bone altar of Kikubaaqudgha.
  1001 | D:2      | Found a glowing golden altar of the Shining One.
  1121 | D:2      | Reached XP level 3. HP: 27/27 MP: 3/3
  1289 | D:2      | Noticed Terence
  1306 | D:2      | Killed Terence
  1306 | D:2      | Reached skill level 4 in Dodging
  1370 | D:2      | Found a glowing silver altar of Zin.
  1385 | D:2      | Reached XP level 4. HP: 31/34 MP: 4/4
  1536 | D:2      | Found a faded altar to an unknown god.
  1826 | D:3      | Noticed Sigmund
  1962 | D:3      | Killed Sigmund
  1962 | D:3      | Reached skill level 5 in Dodging
  1962 | D:3      | Reached XP level 5. HP: 38/41 MP: 5/5
  1962 | D:3      | Reached XP level 6. HP: 43/47 MP: 6/6
  2435 | D:3      | Noticed Ijyb
  2457 | D:3      | Killed Ijyb
  2757 | D:3      | Noticed Crazy Yiuf
  2765 | D:3      | Killed Crazy Yiuf
  2872 | D:4      | Reached skill level 5 in Long Blades
  3110 | D:4      | Reached XP level 7. HP: 45/54 MP: 7/7
  3129 | D:4      | Found a staircase to the Ecumenical Temple.
  3225 | D:4      | Reached skill level 6 in Dodging
  3529 | D:4      | Found a sparkling altar of Nemelex Xobeh.
  3670 | D:5      | Entered Level 5 of the Dungeon
  4206 | D:5      | Reached skill level 5 in Fighting
  4206 | D:5      | Reached XP level 8. HP: 22/62 MP: 8/8
  4394 | D:5      | Reached skill level 7 in Dodging
  4522 | D:5      | Found a bloodstained altar of Trog.
  4815 | D:6      | Noticed Prince Ribbit
  5068 | D:6      | Killed from afar by an orc priest

Vault maps used:
D:1:      co_arrival_square_in_a_square_in_a_square
D:2:      grunt_temple_overflow_open, overflow_temple_1_default,
          ecumenical_altar_1, corexii_shack, tso_metal_star, uniq_terence
D:3:      serial_bayou_lake_a, uniq_crazy_yiuf_cottage, uniq_sigmund, uniq_iyjb
D:4:      minmay_temple_entry_grid, serial_forest, infiniplex_forest_lined_ring,
          infiniplex_forest_clump_long, infiniplex_forest_clump_double,
          infiniplex_forest_lined_2, infiniplex_forest_fountain,
          infiniplex_forest_end_2, infiniplex_forest_clump_double,
          infiniplex_forest_straight_2, first_bread, minivault_23,
          nemelex_diamond_rough_becter
D:5:      nicolae_overflow_hidden_temple
D:6:      uniq_prince_ribbit1

Action                   |  1- 3 |  4- 6 |  7- 9 || total
-------------------------+-------+-------+-------++-------
Melee: Long sword        |   100 |   166 |   224 ||   490
Throw: Throwing net      |     3 |     4 |       ||     7
  Use: Potion            |     1 |       |     1 ||     2
       Scroll            |       |     4 |     1 ||     5
 Stab: Sleeping          |       |     1 |     2 ||     3
  Eat: Corpse            |    11 |    11 |    13 ||    35
